 Dungeon Crawl Stone Soup version 0.17.2-1-ge4368a0 (webtiles) character file.

73 daftwullie the Cudgeler (level 4, -1/45 HPs)
             Began as an Ogre Warper on May 2, 2017.
             Slain by Natasha (6 damage)
             ... on level 4 of the Dungeon on May 3, 2017.
             The game lasted 00:20:22 (2126 turns).

daftwullie the Cudgeler (Ogre Warper)               Turns: 2126, Time: 00:20:22

Health: -1/45      AC:  3    Str: 16    XL:     4   Next: 27%
Magic:  3/8        EV: 10    Int: 18    God:
Gold:   106        SH:  0    Dex:  9    Spells: 3 memorised, 4 levels left

rFire  . . .     SeeInvis .     a - +0 mace
rCold  . . .     Clarity  .     b - +0 robe
rNeg   + . .     SustAt   .     (no shield)
rPois  .         Gourm    .     (helmet restricted)
rElec  .         Spirit   .     (no cloak)
rCorr  .         Warding  +     (gloves unavailable)
rMut   .         Stasis   .     (boots unavailable)
MR     .....                    i - amulet of warding (curse)
Stlth  +.........               (no ring)
                                (no ring)

@: brilliant, shrouded (expiring), very slightly contaminated, hasted and
slowed, not resistant to hostile enchantments, very unstealthy
A: unfitting armour, tough skin 1
a: no special abilities


You were on level 4 of the Dungeon.
You were hungry.

You visited 1 branch of the dungeon, and saw 3 of its levels.

You collected 106 gold pieces.

Inventory:

Hand Weapons
 a - a +0 mace (weapon)
Missiles
 k - 37 stones (quivered)
 m - 36 sling bullets
 o - 13 poisoned needles
Armour
 b - a +0 robe (worn)
Jewellery
 i - a cursed amulet of warding (around neck)
Scrolls
 d - 6 scrolls of blinking
 e - a scroll of magic mapping {unknown}
 p - a scroll of remove curse {unknown}
 r - a scroll of fear {unknown}
 t - a scroll of immolation {unknown}
 v - a scroll of teleportation {unknown}
Potions
 n - a potion of brilliance
 q - a potion of lignification {unknown}
 s - a potion of curing {unknown}
Books
 c - a book of Spatial Translocations

   Spells                             Type                      Level
   a - Apportation                    Translocation                1
   b - Blink                          Translocation                2
   c - Shroud of Golubria             Charms/Translocation         2
   d - Portal Projectile              Translocation                3
   e - Teleport Other                 Translocation                3
   f - Passage of Golubria            Translocation                4
Comestibles
 f - 3 bread rations
 g - 3 chunks of flesh
 h - 2 slices of pizza
 l - 2 beef jerkies
 u - 3 fruits


   Skills:
 + Level 3.1 Fighting
 * Level 3.7 Maces & Flails
 * Level 1.8 Throwing
 - Level 2.1 Dodging
 * Level 3.1 Spellcasting
 + Level 0.1 Charms
 + Level 2.5 Translocations


You had 4 spell levels left.
You knew the following spells:

 Your Spells              Type           Power        Failure   Level  Hunger
a - Apportation           Tloc           ###.......   1%          1    None
b - Blink                 Tloc           N/A          1%          2    ##.....
c - Shroud of Golubria    Chrm/Tloc      ###.......   1%          2    ##.....


Dungeon Overview and Level Annotations

Branches:
Dungeon (4/15)
 Temple: D:4-7

Altars:
Xom

Annotations:
D:4 Natasha


Innate Abilities, Weirdness & Mutations

You are too large for most types of armour.
You have tough skin (AC +1).


Message History

The crimson imp puffs mist at you. The crimson imp hits you.
* * * LOW HITPOINT WARNING * * *
Natasha stares at you and mumbles some strange words.
You feel yourself slow down.
You are very lightly contaminated with residual magic.
You barely miss Natasha.
Natasha is severely wounded.
The crimson imp disappears in a puff of smoke!
Natasha casts a spell at you.
You feel as though you will be slow longer.
You closely miss Natasha.
Natasha is severely wounded.
Your shroud begins to fray at the edges.
Natasha claws you.
* * * LOW HITPOINT WARNING * * *
You closely miss Natasha.
Natasha is severely wounded.
Natasha claws you.
You die...

.... ...
.....o ...
..... ..
.(... ##.#
..... #..
...## #.#
.5.# #@#
#.## ##h#
#..###..#
##.ยง##.##
##)..5#
#....#
#....#
#...##
#...#


You could see Natasha and a crimson imp.

Vanquished Creatures
  3 adders
  2 orcs (D:4)
  A ball python (D:2)
  4 giant cockroaches
  4 goblins (D:1)
  5 hobgoblins
  6 kobolds
  12 bats
  A giant newt (D:1)
  2 rats
40 creatures vanquished.

Notes
Turn   | Place    | Note
--------------------------------------------------------------
     0 | D:1      | daftwullie the Ogre Warper began the quest for the Orb.
     0 | D:1      | Reached XP level 1. HP: 22/22 MP: 3/3
   247 | D:1      | Reached XP level 2. HP: 15/29 MP: 5/5
   405 | D:1      | Reached skill level 3 in Maces & Flails
  1037 | D:1      | Reached XP level 3. HP: 34/36 MP: 7/7
  1339 | D:1      | Learned a level 2 spell: Blink
  1342 | D:1      | Learned a level 2 spell: Shroud of Golubria
  1923 | D:2      | Reached XP level 4. HP: 36/45 MP: 8/8
  1952 | D:2      | Found a shimmering altar of Xom.
  1953 | D:2      | Found a shimmering altar of Xom.
  1953 | D:2      | Found a shimmering altar of Xom.
  1954 | D:2      | Found a shimmering altar of Xom.
  1954 | D:2      | Found a shimmering altar of Xom.
  1955 | D:2      | Found a shimmering altar of Xom.
  1955 | D:2      | Found a shimmering altar of Xom.
  1972 | D:2      | You fall through a shaft for 2 floors!
  2088 | D:4      | Noticed Natasha
  2126 | D:4      | Slain by Natasha

Action                   |  1- 3 |  4- 6 || total
-------------------------+-------+-------++-------
Melee: Mace              |   141 |    50 ||   191
Throw: Stone             |     9 |    10 ||    19
       Tomahawk          |     5 |       ||     5
 Cast: Shroud of Golubri |     3 |     6 ||     9
  Use: Potion            |       |     2 ||     2
  Eat: Chunk             |     3 |     1 ||     4
